[Event "DVM U20w 2019"]
[Site "Braunschweig"]
[Date "2019.12.28"]
[Round "3"]
[White "Sereda, Yaroslava"]
[Black "Cerkez, Lorena"]
[Result "1-0"]
[ECO "C05"]
[WhiteElo "1726"]
[BlackElo "1000"]
[Annotator "NA RC"]
[PlyCount "47"]
[EventDate "2019.12.27"]
[EventType "team-tourn"]
[EventRounds "7"]
[EventCountry "GER"]
[SourceTitle "playchess.com"]
[Source "ChessBase"]
[SourceQuality "1"]
[WhiteTeam "SG Solingen"]
[BlackTeam "Düsseldorfer SK"]
[TimeControl "40/5400+30:1800+30"]

1. e4 e6 2. d4 d5 3. Nd2 Nf6 4. e5 Nfd7 5. Bd3 c5 6. c3 Nc6 7. Ne2 Be7 8. O-O h6 9. Nf3 Ndb8 10. Be3 a6 11. Rc1 b5 12. Bb1 Nd7 13. Qd2 Rb8 14. Ng3 a5 15. Nh5 Kf8 16. h3 Ba6 17. Nh2 b4 18. Bd3 Bxd3 19. Qxd3 Bg5 20. f4 Be7 21. f5 {[%emt 0:00:29] normal} Kg8 22. fxe6 fxe6 {[%emt 0:00:21] normal} 23. Qg6 Bf8 {[%emt 0:00:31] normal} 24. Ng4 {[%emt 0:07:02] normal} 1-0

[Event "DVM U20w 2019"]
[Site "Braunschweig"]
[Date "2019.12.28"]
[Round "3"]
[White "Oberhofer, Marie"]
[Black "Möller, Hannah"]
[Result "1/2-1/2"]
[ECO "B06"]
[WhiteElo "1700"]
[BlackElo "1832"]
[Annotator "NA RC"]
[PlyCount "53"]
[EventDate "2019.12.27"]
[EventType "team-tourn"]
[EventRounds "7"]
[EventCountry "GER"]
[SourceTitle "playchess.com"]
[Source "ChessBase"]
[SourceQuality "1"]
[WhiteTeam "SC Bavaria Regensburg"]
[BlackTeam "SV Lingen"]
[TimeControl "40/5400+30:1800+30"]

1. e4 g6 2. d4 Bg7 {[%emt 0:00:00] unterminated} 3. Be3 d6 {[%emt 0:00:59] unterminated} 4. Nc3 Nf6 {[%emt 0:00:20] unterminated} 5. f3 c6 {[%emt 0:01:15] unterminated} 6. Qd2 b5 7. a3 {[%emt 0:00:43] unterminated} a5 {[%emt 0:00:57] unterminated} 8. Bd3 Bd7 {[%emt 0:01:00] unterminated} 9. Nge2 {[%emt 0:09:32] unterminated} O-O 10. O-O Ne8 {[%emt 0:00:33] unterminated} 11. Bh6 {[%emt 0:03:45] unterminated} e5 {[%emt 0:04:09] unterminated} 12. Bxg7 Kxg7 13. f4 {[%emt 0:00:22] unterminated} exd4 14. Nxd4 {[%emt 0:00:30] unterminated} Na6 {[%emt 0:01:12] unterminated} 15. f5 {[%emt 0:14:17] unterminated} Nc5 {[%emt 0:04:59] unterminated} 16. Rf3 $11 (16. b4 $14 Nxd3 17. cxd3) 16... Nxd3 17. cxd3 b4 18. Nce2 c5 19. Nc2 g5 20. f6+ Kh8 21. Qxg5 Rg8 22. Qh6 Bg4 23. Raf1 Ra7 24. Ne3 Bxf3 25. Rxf3 Rg6 26. Qf8+ Rg8 27. Qh6 {[%emt 0:00:08] normal} 1/2-1/2

[Event "DVM U20w 2019"]
[Site "Braunschweig"]
[Date "2019.12.28"]
[Round "3"]
[White "Doll, Rebecca"]
[Black "Schnabel, Luise"]
[Result "0-1"]
[ECO "B03"]
[WhiteElo "1659"]
[BlackElo "1836"]
[Annotator "NA RC"]
[PlyCount "82"]
[EventDate "2019.12.27"]
[EventType "team-tourn"]
[EventRounds "7"]
[EventCountry "GER"]
[SourceTitle "playchess.com"]
[Source "ChessBase"]
[SourceQuality "1"]
[WhiteTeam "OSG Baden-Baden"]
[BlackTeam "TuRa Harksheide Norderstedt"]
[TimeControl "40/5400+30:1800+30"]

1. e4 Nf6 2. e5 Nd5 3. d4 d6 {unterminated} 4. Bc4 Nb6 5. Bb3 {unterminated} dxe5 6. Qf3 {unterminated} e6 7. dxe5 {unterminated} a5 {B03: Alekhine's Defence: Four Pawns Attack} (7... Nc6 8. Qg3 Nd4 9. Nf3 Nf5 10. Qh3 Bd7 11. O-O Bc6 12. Nc3 Be7 13. Rd1 Nd7 14. g4 Nh4 15. Nd4 Bg2 {1-0 (50) Zubov,A (2598)-Zilberman,Y (2334) Israel 2019}) 8. a4 {unterminated} Na6 {unterminated} 9. Nc3 {unterminated} Nc5 {unterminated} 10. Qg3 {unterminated} Nxb3 11. cxb3 {unterminated} Bd7 {unterminated} 12. Nf3 {unterminated} Qe7 $146 {unterminated} ({Predecessor:} 12... Bc6 $5 13. O-O Qd3 14. Rd1 Qg6 15. Nd4 Qxg3 16. hxg3 {0-1 (44) Gross,S (2420)-Biehler,T St Ingbert 1987}) 13. Bg5 {unterminated} Qb4 {unterminated} 14. Nd2 {unterminated} h6 {unterminated} 15. Be3 {unterminated} Nd5 {unterminated} 16. Nxd5 exd5 {unterminated} 17. Qf4 {unterminated} ({Better is} 17. f4) 17... Qxf4 18. Bxf4 {unterminated} Bb4 {unterminated} 19. Rd1 {unterminated} Bf5 {unterminated} 20. O-O {unterminated} (20. Ke2 $142) 20... c6 {unterminated} 21. Bg3 {unterminated} Bd3 {unterminated} 22. Rfe1 {unterminated} Bc2 {unterminated} 23. Ra1 {unterminated} d4 {unterminated} 24. f3 {unterminated} Bxd2 25. Re2 Be3+ {unterminated} 26. Kh1 Bxb3 {unterminated} 27. Ra3 {unterminated} Be6 28. Ra1 {unterminated} Rd8 29. Rd1 {unterminated} Bb3 30. Ra1 c5 {unterminated} 31. Be1 b6 32. h3 O-O 33. Bg3 Rfe8 {unterminated} 34. Ra3 c4 35. Ra1 {unterminated} Rd7 36. Ra3 $19 g5 37. Ra1 Re6 38. Ree1 Bf4 39. Bxf4 gxf4 40. Re2 d3 41. Rd2 Rxe5 {normal} 0-1

[Event "DVM U20w 2019"]
[Site "Braunschweig"]
[Date "2019.12.28"]
[Round "3"]
[White "Joers, Pia-Milena"]
[Black "Fock, Amina"]
[Result "0-1"]
[ECO "A46"]
[WhiteElo "1646"]
[BlackElo "1807"]
[Annotator "NA RC"]
[PlyCount "78"]
[EventDate "2019.12.27"]
[EventType "team-tourn"]
[EventRounds "7"]
[EventCountry "GER"]
[SourceTitle "playchess.com"]
[Source "ChessBase"]
[SourceQuality "1"]
[WhiteTeam "SG Güstrow/Teterow"]
[BlackTeam "SK Nordhorn-Blanke"]
[TimeControl "40/5400+30:1800+30"]

1. d4 Nf6 2. Nf3 e6 3. Bf4 d5 4. e3 c5 5. c3 Nc6 {[%emt 0:00:09] unterminated} 6. Nbd2 Be7 7. h3 {[%emt 0:00:28] unterminated} O-O {[%emt 0:00:36] unterminated} 8. Bd3 {[%emt 0:00:45] unterminated} b6 9. O-O Bb7 {[%emt 0:00:46] unterminated} 10. Ne5 {[%emt 0:03:23] unterminated} a5 {[%emt 0:02:39] unterminated} 11. Ndf3 {[%emt 0:06:14] unterminated} Ne4 {[%emt 0:08:48] unterminated} 12. Bb5 {[%emt 0:10:16] unterminated} Qc8 {[%emt 0:05:25] unterminated} 13. Qa4 {[%emt 0:04:45] unterminated} Na7 $11 14. Be2 Rd8 15. Qb3 f6 16. Ng4 h5 17. Nxf6+ gxf6 18. Qxb6 Bd6 19. Bxd6 Rxd6 20. Qb3 c4 21. Qc2 Rc6 22. Nh2 Qe8 23. Rfc1 Nc8 24. Nf1 f5 25. Bd1 Ncd6 26. Qe2 Rb6 27. Rab1 h4 28. f3 Ng3 29. Qe1 Qg6 30. Kh2 f4 31. exf4 Nxf1+ 32. Qxf1 Qg3+ 33. Kh1 Nf5 34. Qe2 Qxf4 35. Kg1 {[%emt 0:00:24] normal} Kf7 36. Bc2 {[%emt 0:00:13] normal} Ne3 {[%emt 0:05:47] normal} 37. Ba4 Rg8 {[%emt 0:00:24] normal} 38. Kh1 Nxg2 39. Rg1 {[%emt 0:00:25] normal} Qf5 {[%emt 0:00:43] normal} 0-1

[Event "DVM U20w 2019"]
[Site "Braunschweig"]
[Date "2019.12.28"]
[Round "3"]
[White "Biermann, Sophie"]
[Black "Ziegenfuss, Larissa"]
[Result "1/2-1/2"]
[ECO "A46"]
[WhiteElo "1645"]
[BlackElo "1755"]
[Annotator "NA RC"]
[PlyCount "50"]
[EventDate "2019.12.27"]
[EventType "team-tourn"]
[EventRounds "7"]
[EventCountry "GER"]
[SourceTitle "playchess.com"]
[Source "ChessBase"]
[SourceQuality "1"]
[WhiteTeam "SG Trier"]
[BlackTeam "SG Blau-Weiß Stadtilm"]
[TimeControl "40/5400+30:1800+30"]

1. d4 Nf6 2. Nf3 e6 3. Bf4 b6 4. e3 Bb7 5. h3 c5 6. Nbd2 Nc6 7. c3 a6 8. Bd3 d5 9. O-O Bd6 10. Bxd6 Qxd6 11. Re1 O-O 12. e4 dxe4 13. Nxe4 Nxe4 14. dxc5 Qxc5 15. Bxe4 Qe7 16. Qc2 h6 17. Rad1 Rac8 18. Qe2 Qc7 19. Rd2 Rfd8 20. Red1 Rxd2 21. Rxd2 Rd8 22. Rxd8+ {[%emt 0:05:10] normal} Nxd8 {[%emt 0:06:01] normal} 23. Bxb7 Qxb7 {[%emt 0:00:19] normal} 24. Qd3 {[%emt 0:01:32] normal} Nc6 {[%emt 0:01:49] normal} 25. Qd6 {[%emt 0:01:14] normal} b5 {[%emt 0:02:40] normal} 1/2-1/2

[Event "DVM U20w 2019"]
[Site "Braunschweig"]
[Date "2019.12.28"]
[Round "3"]
[White "Jacoby, Angelina"]
[Black "Adelhardt, Lisa"]
[Result "1/2-1/2"]
[ECO "A46"]
[WhiteElo "1635"]
[BlackElo "1418"]
[Annotator "NA"]
[PlyCount "84"]
[EventDate "2019.12.27"]
[EventType "team-tourn"]
[EventRounds "7"]
[EventCountry "GER"]
[SourceTitle "playchess.com"]
[Source "ChessBase"]
[SourceQuality "1"]
[WhiteTeam "Leegebrucher SF"]
[BlackTeam "SC Erlangen 48/88"]
[TimeControl "40/5400+30:1800+30"]

1. d4 Nf6 2. Nf3 e6 3. Bf4 c5 4. e3 d5 5. c3 Bd6 6. Bg3 O-O 7. Be2 Qc7 8. Nbd2 Nbd7 9. O-O Bxg3 10. hxg3 e5 11. dxe5 Nxe5 12. Nxe5 Qxe5 13. Nf3 Qd6 14. Qc2 Re8 15. Rad1 Qc6 16. Qb3 a6 17. Ng5 h6 18. Nh3 Be6 19. Nf4 Rad8 20. Bf3 b5 21. c4 bxc4 22. Qxc4 Qb5 23. Qxb5 axb5 24. Nd3 Nd7 25. Nf4 Nb6 26. Be2 c4 27. Rd4 Ra8 28. a3 Rad8 29. Rfd1 Rd7 30. Bf3 Red8 31. Kf1 Kf8 32. e4 dxe4 33. Nxe6+ fxe6 34. Rxd7 Rxd7 35. Rxd7 Nxd7 36. Bxe4 Ne5 37. Ke2 Ke7 38. f4 Nf7 39. Bc6 Nd6 40. a4 bxa4 41. Bxa4 Kf6 42. Bc2 e5 {[%emt 0:07:21] normal} 1/2-1/2

[Event "DVM U20w 2019"]
[Site "Braunschweig"]
[Date "2019.12.28"]
[Round "3"]
[White "Schmidt, Pauline"]
[Black "La, Quynh Trang"]
[Result "1/2-1/2"]
[ECO "C02"]
[WhiteElo "1628"]
[BlackElo "1436"]
[Annotator "NA RC"]
[PlyCount "77"]
[EventDate "2019.12.27"]
[EventType "team-tourn"]
[EventRounds "7"]
[EventCountry "GER"]
[SourceTitle "playchess.com"]
[Source "ChessBase"]
[SourceQuality "1"]
[WhiteTeam "SG Blau-Weiß Stadtilm"]
[BlackTeam "SG Trier"]
[TimeControl "40/5400+30:1800+30"]

1. e4 e6 2. d4 d5 3. e5 c5 4. c3 Nc6 5. Nf3 Qb6 6. a3 Bd7 7. b4 cxd4 8. cxd4 Nge7 9. Be3 Nf5 10. Bd3 Nxe3 11. fxe3 Be7 12. O-O f6 13. exf6 Bxf6 14. Nc3 O-O 15. Rc1 Ne7 16. Qd2 Rac8 17. Kh1 Kh8 18. Qe1 Be8 19. Qg3 Bg6 20. Bxg6 Nxg6 21. Qh3 Qa6 22. Rfd1 Qxa3 23. Ne2 Qa6 24. Ng3 Kg8 25. Nh5 Rxc1 26. Rxc1 Bg5 27. Re1 Nh4 28. Qg3 Nxf3 29. gxf3 Bh6 30. Rg1 g6 31. Qe5 Qe2 32. Qxe6+ Kh8 33. Qe5+ Kg8 34. Qxd5+ Kh8 35. Qe5+ Kg8 {[%emt 0:00:10] normal} 36. Nf6+ {[%emt 0:01:18] normal} Kh8 {[%emt 0:01:06] normal} 37. Nh5+ {[%emt 0:01:40] normal} Kg8 {[%emt 0:00:33] normal} 38. Qd5+ Rf7 {[%emt 0:01:04] normal} 39. Qd8+ {[%emt 0:01:11] normal} 1/2-1/2

[Event "DVM U20w 2019"]
[Site "Braunschweig"]
[Date "2019.12.28"]
[Round "3"]
[White "Peglau, Dora"]
[Black "Kessen, Fanny"]
[Result "1-0"]
[ECO "D32"]
[WhiteElo "1502"]
[BlackElo "1265"]
[Annotator "NA"]
[PlyCount "29"]
[EventDate "2019.12.27"]
[EventType "team-tourn"]
[EventRounds "7"]
[EventCountry "GER"]
[SourceTitle "playchess.com"]
[Source "ChessBase"]
[SourceQuality "1"]
[WhiteTeam "Schachzentrum Seeblick"]
[BlackTeam "SC Borussia Lichtenberg"]
[TimeControl "40/5400+30:1800+30"]

1. c4 e6 2. Nc3 d5 3. d4 c5 4. cxd5 cxd4 5. Qxd4 Nf6 6. e4 Nc6 7. Bb5 a6 8. Qa4 exd5 9. exd5 Bd7 10. dxc6 bxc6 11. Bxc6 Bxc6 12. Qxc6+ Nd7 13. Nf3 f6 14. Nd5 Bc5 15. Nc7+ {[%emt 0:00:49] normal} 1-0

[Event "DVM U20w 2019"]
[Site "Braunschweig"]
[Date "2019.12.28"]
[Round "3"]
[White "Elenz, Elisa"]
[Black "Stephan, Lia"]
[Result "0-1"]
[ECO "B23"]
[WhiteElo "1456"]
[BlackElo "1232"]
[Annotator "NA RC"]
[PlyCount "89"]
[EventDate "2019.12.27"]
[EventType "team-tourn"]
[EventRounds "7"]
[EventCountry "GER"]
[SourceTitle "playchess.com"]
[Source "ChessBase"]
[SourceQuality "1"]
[WhiteTeam "SG Trier"]
[BlackTeam "SG Blau-Weiß Stadtilm"]
[TimeControl "40/5400+30:1800+30"]

1. e4 c5 2. Nc3 Nc6 3. f4 g6 4. Nf3 Bg7 5. Bc4 e6 6. d3 Nge7 7. O-O O-O 8. Qe1 d5 9. Bb3 b6 10. a3 Ba6 11. Qe2 b5 12. Nd1 c4 13. Ba2 Rb8 14. dxc4 bxc4 15. c3 Qb6+ 16. Qf2 Qxf2+ 17. Kxf2 dxe4 18. Nd2 f5 19. Bxc4 Bxc4 20. Nxc4 Nd5 21. Bd2 e5 22. g3 Bh6 23. Ke1 Rfe8 24. b4 a6 25. Rb1 Na7 26. a4 Bg7 27. Rb3 Nc7 28. Be3 Nc6 29. Bb6 Nd5 30. b5 axb5 31. axb5 Nxb6 32. bxc6 Nxc4 33. Rxb8 Rxb8 34. c7 Rc8 35. fxe5 Nxe5 36. Ke2 Rxc7 37. Kd2 Nf3+ 38. Kc2 Nxh2 39. Rf2 Ng4 40. Re2 h5 41. Kb2 g5 42. Rd2 Ne5 43. Rd5 f4 44. gxf4 gxf4 {[%emt 0:00:04] normal} 45. Kc2 {[%emt 0:00:33] normal} 0-1

[Event "DVM U20w 2019"]
[Site "Braunschweig"]
[Date "2019.12.28"]
[Round "3"]
[White "Schilay, Maria"]
[Black "Schiewe, Nadin"]
[Result "0-1"]
[ECO "B01"]
[WhiteElo "1450"]
[BlackElo "1629"]
[Annotator "NA RC"]
[PlyCount "92"]
[EventDate "2019.12.27"]
[EventType "team-tourn"]
[EventRounds "7"]
[EventCountry "GER"]
[SourceTitle "playchess.com"]
[Source "ChessBase"]
[SourceQuality "1"]
[WhiteTeam "SC Erlangen 48/88"]
[BlackTeam "Leegebrucher SF"]
[TimeControl "40/5400+30:1800+30"]

1. e4 d5 2. exd5 Qxd5 3. Nc3 Qa5 4. Bc4 Nf6 5. d3 c6 6. Bd2 Qc7 7. Qe2 Bf5 8. h3 h6 9. g4 Bh7 10. f4 Nbd7 11. Nf3 Nb6 12. Bb3 Nfd5 13. Qe5 Qxe5+ 14. Nxe5 f6 15. Nf3 O-O-O 16. O-O-O Nxc3 17. Bxc3 Nd5 18. Bd2 e6 19. Nd4 Bg8 20. Rde1 Nxf4 21. Nxe6 Nxe6 22. Bxe6+ Bxe6 23. Rxe6 Bd6 24. Rhe1 Kd7 25. c4 Be5 26. R6xe5 fxe5 27. Rxe5 Rde8 28. Bc3 Rxe5 29. Bxe5 Rf8 30. Bxg7 Rf3 31. h4 Rxd3 32. Bxh6 Rd4 33. b3 Rxg4 34. Bg5 Rg2 35. Kb1 Rh2 36. Ka1 Ke6 37. Kb1 Ke5 38. Kc1 Kd4 39. Kb1 Kc3 40. Bf6+ Kb4 41. Ka1 c5 42. Kb1 Ka3 {[%emt 0:01:49] normal} 43. Bg5 {[%emt 0:02:06] normal} Rxa2 {[%emt 0:01:55] normal} 44. h5 {[%emt 0:01:54] normal} Rh2 {normal} 45. h6 {[%emt 0:01:07] normal} Kxb3 46. Kc1 Kxc4 {[%emt 0:00:56] normal} 0-1

[Event "DVM U20w 2019"]
[Site "Braunschweig"]
[Date "2019.12.28"]
[Round "3"]
[White "Kung, Fanny"]
[Black "Strobel, Miriam"]
[Result "1/2-1/2"]
[ECO "C27"]
[WhiteElo "1426"]
[BlackElo "1299"]
[Annotator "NA RC"]
[PlyCount "73"]
[EventDate "2019.12.27"]
[EventType "team-tourn"]
[EventRounds "7"]
[EventCountry "GER"]
[SourceTitle "playchess.com"]
[Source "ChessBase"]
[SourceQuality "1"]
[WhiteTeam "Leegebrucher SF"]
[BlackTeam "SC Erlangen 48/88"]
[TimeControl "40/5400+30:1800+30"]

1. e4 e5 2. Nc3 Nf6 3. Bc4 Nxe4 4. Qh5 Qe7 5. Nxe4 g6 6. Qe2 Nc6 7. Nf3 f5 8. Nc3 e4 9. Ng1 Nd4 10. Qd1 Qg5 11. Kf1 Bc5 12. d3 Qh4 13. g3 Qf6 14. Nd5 Qc6 15. dxe4 fxe4 16. c3 Nf5 17. Qe2 e3 18. fxe3 Rf8 19. Nf3 Kd8 20. e4 Ne7 21. Nxe7 Bxe7 22. Bh6 Rf6 23. Bg7 Rxf3+ 24. Qxf3 Qxc4+ 25. Kg2 Qe6 26. Rhf1 d6 27. Bf6 Ke8 28. Bxe7 Qxe7 29. Rae1 Be6 30. a3 Rd8 31. Rf2 Kd7 32. Rd2 Qg5 33. Rd4 h5 34. h4 Qe5 35. Red1 Re8 36. Qe3 Rg8 37. b4 {[%emt 0:01:34] normal} 1/2-1/2

[Event "DVM U20w 2019"]
[Site "Braunschweig"]
[Date "2019.12.28"]
[Round "3"]
[White "Relógio Stauber, Anna"]
[Black "Peglau, Charis"]
[Result "1/2-1/2"]
[ECO "D04"]
[WhiteElo "1396"]
[BlackElo "1728"]
[Annotator "NA RC"]
[PlyCount "87"]
[EventDate "2019.12.27"]
[EventType "team-tourn"]
[EventRounds "7"]
[EventCountry "GER"]
[SourceTitle "playchess.com"]
[Source "ChessBase"]
[SourceQuality "1"]
[WhiteTeam "SC Borussia Lichtenberg"]
[BlackTeam "Schachzentrum Seeblick"]
[TimeControl "40/5400+30:1800+30"]

1. d4 d5 2. Nf3 Nf6 3. e3 Bf5 4. c4 e6 5. Bd3 Bg6 6. O-O c5 7. Nc3 Nc6 8. b3 Rc8 9. Bb2 Bxd3 10. Qxd3 Be7 11. Rfd1 dxc4 12. bxc4 cxd4 13. exd4 O-O 14. Ne2 Nb4 15. Qb3 Qc7 16. Rac1 Rfd8 17. a3 Nc6 18. Bc3 Rd7 19. Bb4 Na5 20. Bxa5 Qxa5 21. Rd3 Rdc7 22. Ne5 Bd6 23. Re3 Qa6 24. Rec3 Bxe5 25. dxe5 Ne4 26. R3c2 Nc5 27. Qe3 Nd7 28. c5 Qa5 29. Qc3 Qxc3 30. Rxc3 Rxc5 31. Rxc5 Rxc5 32. Rd1 Rd5 33. Rxd5 exd5 34. f4 Kf8 35. Kf2 Nb6 36. Nc3 a6 37. Ke2 Ke7 38. Kd3 Ke6 39. g4 f6 40. exf6 Kxf6 41. Kd4 Ke6 42. Kc5 Nd7+ 43. Kd4 Nb6 44. Kc5 {[%emt 0:02:14] normal} 1/2-1/2

[Event "DVM U20w 2019"]
[Site "Braunschweig"]
[Date "2019.12.28"]
[Round "3"]
[White "Zoll, Cindy"]
[Black "Hallfarth, Luise"]
[Result "1-0"]
[ECO "A03"]
[WhiteElo "1387"]
[BlackElo "1517"]
[Annotator "NA RC"]
[PlyCount "73"]
[EventDate "2019.12.27"]
[EventType "team-tourn"]
[EventRounds "7"]
[EventCountry "GER"]
[SourceTitle "playchess.com"]
[Source "ChessBase"]
[SourceQuality "1"]
[WhiteTeam "SG Güstrow/Teterow"]
[BlackTeam "SK Nordhorn-Blanke"]
[TimeControl "40/5400+30:1800+30"]

1. f4 d5 2. e3 Nf6 3. Nf3 Bg4 4. d4 e6 5. Bd3 Bd6 6. O-O O-O 7. Qe1 Bxf3 8. Rxf3 c5 9. c3 a6 10. Qh4 Nc6 11. Rh3 h6 12. g4 Ne4 13. g5 Be7 14. Qh5 Nxg5 15. fxg5 Bxg5 16. Rg3 cxd4 17. cxd4 e5 18. dxe5 Nxe5 19. Bc2 d4 20. Be4 dxe3 21. Bxe3 Bxe3+ 22. Rxe3 Qd4 23. Bh7+ Kxh7 24. Qxe5 Qd1+ 25. Re1 Qg4+ 26. Kf1 Qf3+ 27. Kg1 Qg4+ 28. Kf2 Qh4+ 29. Kf3 Qh3+ {[%emt 0:00:39] normal} 30. Qg3 Qf5+ {[%emt 0:00:32] normal} 31. Kg2 Qc2+ 32. Qf2 {[%emt 0:00:33] normal} Qc6+ {[%emt 0:00:56] normal} 33. Kg1 Qg6+ 34. Kh1 {[%emt 0:00:36] normal} f5 {[%emt 0:00:55] normal} 35. Rg1 Qc6+ 36. Qg2 {[%emt 0:00:15] normal} Qb5 {[%emt 0:00:27] normal} 37. Qxg7# {normal} 1-0

[Event "DVM U20w 2019"]
[Site "Braunschweig"]
[Date "2019.12.28"]
[Round "3"]
[White "Wilhelm, Anna-Lena"]
[Black "Nwatu, Emily"]
[Result "1-0"]
[ECO "C00"]
[WhiteElo "1291"]
[BlackElo "1141"]
[Annotator "NA RC"]
[PlyCount "55"]
[EventDate "2019.12.27"]
[EventType "team-tourn"]
[EventRounds "7"]
[EventCountry "GER"]
[SourceTitle "playchess.com"]
[Source "ChessBase"]
[SourceQuality "1"]
[WhiteTeam "SG Blau-Weiß Stadtilm"]
[BlackTeam "SG Trier"]
[TimeControl "40/5400+30:1800+30"]

1. e4 e6 2. Qe2 d5 3. exd5 Qxd5 4. Nc3 Qd8 5. Nf3 Nf6 6. d4 Bb4 7. Bd2 O-O 8. g3 Nc6 9. Qc4 Re8 10. Ne5 Nxe5 11. dxe5 Bxc3 12. Bxc3 Nh5 13. g4 Nf6 14. exf6 g6 15. Rd1 Bd7 16. Qd4 Bc6 17. Qf4 Qxd1+ 18. Kxd1 Kh8 19. Bd3 Rad8 20. Kc1 Rg8 21. Re1 Rge8 22. Qh6 Rg8 23. Rxe6 Bd5 24. Re7 Rc8 25. Rxf7 Bxf7 26. Bc4 Bxc4 27. f7+ {[%emt 0:00:03] normal} Rg7 28. Qxg7# {normal} 1-0

[Event "DVM U20w 2019"]
[Site "Braunschweig"]
[Date "2019.12.28"]
[Round "3"]
[White "Martin, Anastasia"]
[Black "Giede, Anna-Blume"]
[Result "0-1"]
[ECO "B12"]
[WhiteElo "1235"]
[BlackElo "1582"]
[Annotator "NA RC"]
[PlyCount "78"]
[EventDate "2019.12.27"]
[EventType "team-tourn"]
[EventRounds "7"]
[EventCountry "GER"]
[SourceTitle "playchess.com"]
[Source "ChessBase"]
[SourceQuality "1"]
[WhiteTeam "OSG Baden-Baden"]
[BlackTeam "TuRa Harksheide Norderstedt"]
[TimeControl "40/5400+30:1800+30"]

1. e4 c6 2. d4 d5 3. e5 c5 4. c3 Nc6 5. Nf3 cxd4 6. cxd4 Bg4 7. Be2 e6 8. O-O Qb6 9. Nc3 Bxf3 10. Bxf3 Qxd4 11. Qb3 Qb4 12. Qxb4 Bxb4 13. Bf4 Nge7 14. a3 Bxc3 15. bxc3 Ng6 16. Bg3 Ngxe5 17. Bxe5 Nxe5 18. Bxd5 Nc6 19. Bf3 Rc8 20. Rfd1 Ke7 21. Rab1 b6 22. Rd2 Ne5 23. Rb3 Rc7 24. Be2 Rhc8 25. Rc2 Rc5 26. f4 Nc6 27. Rb5 Rxb5 28. Bxb5 Nd4 29. Ba6 Nxc2 30. Bxc8 Nxa3 31. Kf2 Kd6 32. Ke3 Kc5 33. Kd3 {[%emt 0:00:55] normal} Nb5 34. Ba6 {[%emt 0:01:05] normal} Nc7 35. Bc4 {[%emt 0:00:41] normal} a5 36. Bb3 {[%emt 0:00:25] normal} Nd5 37. g3 b5 {[%emt 0:00:52] normal} 38. c4 {[%emt 0:01:39] normal} a4 39. Ba2 Nb4+ {[%emt 0:00:05] normal Kd4+} 0-1

[Event "DVM U20w 2019"]
[Site "Braunschweig"]
[Date "2019.12.28"]
[Round "3"]
[White "Strobel, Joanna"]
[Black "Sauer, Annika"]
[Result "0-1"]
[ECO "B01"]
[WhiteElo "1140"]
[BlackElo "1569"]
[Annotator "NA RC"]
[PlyCount "50"]
[EventDate "2019.12.27"]
[EventType "team-tourn"]
[EventRounds "7"]
[EventCountry "GER"]
[SourceTitle "playchess.com"]
[Source "ChessBase"]
[SourceQuality "1"]
[WhiteTeam "SC Erlangen 48/88"]
[BlackTeam "Leegebrucher SF"]
[TimeControl "40/5400+30:1800+30"]

1. e4 d5 2. exd5 Qxd5 3. Nc3 Qd6 4. Bc4 Nf6 5. d4 a6 6. Be3 Nc6 7. Qd2 Bf5 8. O-O-O Na5 9. Bd3 Bxd3 10. Qxd3 e6 11. Qe2 Be7 12. f4 Nd5 13. Ne4 Qc6 14. Bd2 Nc4 15. Nc5 Nxd2 16. Qxd2 Bxc5 17. dxc5 Qxc5 18. f5 O-O-O 19. Qe1 Ne3 20. Rd2 Rxd2 21. Qxd2 Rd8 22. Qe2 Rd1+ 23. Qxd1 Nxd1 24. Kxd1 Qd5+ 25. Ke1 Qxg2 {[%emt 0:00:06] normal} 0-1

[Event "DVM U20w 2019"]
[Site "Braunschweig"]
[Date "2019.12.28"]
[Round "3"]
[White "Danilova, Sofia"]
[Black "Prölß, Clara"]
[Result "1-0"]
[ECO "A06"]
[WhiteElo "980"]
[BlackElo "1000"]
[Annotator "NA RC"]
[PlyCount "40"]
[EventDate "2019.12.27"]
[EventType "team-tourn"]
[EventRounds "7"]
[EventCountry "GER"]
[SourceTitle "playchess.com"]
[Source "ChessBase"]
[SourceQuality "1"]
[WhiteTeam "SV Lingen"]
[BlackTeam "SC Bavaria Regensburg"]
[TimeControl "40/5400+30:1800+30"]

1. Nf3 d5 2. g3 Nf6 3. Bg2 c5 4. O-O Nc6 5. d3 e6 6. c4 Bd6 7. Bg5 O-O 8. Nc3 dxc4 9. dxc4 Be7 10. Bf4 Bd7 11. Nb5 a6 12. Nd6 Bc8 13. Ne5 Bxd6 14. Nxc6 bxc6 15. Bxd6 a5 16. Bxf8 Qxf8 17. Bxc6 Ra6 18. Bb5 Rb6 19. Qd3 {[%emt 0:04:22] normal} e5 {[%emt 0:07:32] normal} 20. Rfd1 {[%emt 0:00:37] normal} Bh3 {[%emt 0:02:54] normal} 1-0

[Event "DVM U20w 2019"]
[Site "Braunschweig"]
[Date "2019.12.28"]
[Round "4"]
[White "Ziegenfuss, Antonia"]
[Black "Jacoby, Angelina"]
[Result "1-0"]
[ECO "D35"]
[WhiteElo "2052"]
[BlackElo "1635"]
[Annotator "NA"]
[PlyCount "57"]
[EventDate "2019.12.27"]
[EventType "team-tourn"]
[EventRounds "7"]
[EventCountry "GER"]
[SourceTitle "playchess.com"]
[Source "ChessBase"]
[SourceQuality "1"]
[WhiteTeam "OSG Baden-Baden"]
[BlackTeam "Leegebrucher SF"]
[TimeControl "40/5400+30:1800+30"]

1. d4 d5 2. c4 e6 3. Nc3 Nf6 4. cxd5 exd5 5. Bg5 Be7 6. e3 c6 7. Bd3 Nbd7 8. Nge2 h6 9. Bh4 Nh5 10. Bxe7 Qxe7 11. Qc2 O-O 12. O-O-O Nhf6 13. h3 b5 14. g4 Re8 15. Ng3 Nb6 16. Nf5 Bxf5 17. gxf5 Ne4 18. Bxe4 dxe4 19. Rhg1 a5 20. Rg4 Nd5 21. Rdg1 f6 22. Nxe4 Kh8 23. Nc5 Rg8 24. Ne6 Nb4 25. Qe2 Nxa2+ 26. Kb1 Nb4 27. Rg6 {[%emt 0:10:35] normal} Ra7 {[%emt 0:04:55] normal} 28. Qg4 {[%emt 0:02:10] normal} Qf7 29. Qh5 {[%emt 0:00:58] normal} 1-0